cohdb
Replays
Latest Replays
All Replays
Popular Replays
Top Player Replays
Match Explorer
How It Works
Community
CoH3 Stats
Reddit
Sign in to upload your games and track your stats! →
Sign in with Steam
Match 45435068
Unlisted
Match 45435068
Overview
Messages
Build Orders
End
Pioneer Squad
Construct Infanterie Kompanie
MG 42 Machine Gun Team
Grenadier Squad
MG 42 Machine Gun Team
Grenadier Squad
Selects Breakthrough Battlegroup
Selects Assault Grenadiers
Construct Panzergrenadier Kompanie
Selects Rapid Production
Panzergrenadier Squad
Support Elements
Panzergrenadier Squad
StuG III G Assault Gun
Medical Station
StuG III G Assault Gun
Nebelwerfer 42 Rocket Launcher Team
Selects Breakthrough
Selects Blitzkrieg
StuG III G Assault Gun
Blitzkrieg
StuG III G Assault Gun
StuG III G Assault Gun
Selects Tiger Heavy Tank
Selects Incendiary Bombing Run
Incendiary Bombing Run
Panzergrenadier Squad
StuG III G Assault Gun
Incendiary Bombing Run
Blitzkrieg
StuG III G Assault Gun
Tiger Heavy Tank
Blitzkrieg
Pioneer Squad
BarryWhite
Bro4life
0
0
Comments
sign in to comment!
No comments posted yet!